[Event "Polish Youth 1st League 2022"]
[Site "Lublin"]
[Date "2022.06.27"]
[Round "3.28"]
[White "Oles, Mateusz"]
[Black "Gibala, Adam"]
[Result "1/2-1/2"]
[ECO "B44"]
[WhiteElo "1201"]
[BlackElo "1516"]
[Annotator "NA RC"]
[PlyCount "95"]
[EventDate "2022.06.24"]
[EventType "team-tourn"]
[EventCountry "POL"]
[SourceTitle "playchess.com"]
[Source "ChessBase"]
[SourceQuality "1"]
[TimeControl "40/5400+30:1800+30"]

1. e4 c5 2. Nf3 e6 3. d4 cxd4 4. Nxd4 Nc6 5. Nxc6 bxc6 6. Bd3 e5 7. O-O Nf6 8. c4 Bc5 9. Qe2 O-O 10. Be3 Qb6 11. Bxc5 Qxc5 12. Nc3 Rb8 13. b3 Re8 14. Rac1 d6 15. h3 Qa5 16. Rfd1 Bb7 17. Rd2 Ba8 18. Rdc2 Nd7 19. Qd2 Nc5 20. Nd1 Qb6 21. Ne3 g6 22. Rb1 a5 23. Rcb2 Qb4 24. Ng4 Re6 25. Ne3 h5 26. f3 Ree8 27. Bf1 Red8 28. Qxb4 axb4 29. Rd2 Kf8 30. Rbd1 Ke7 31. Kf2 Bb7 32. Bd3 Bc8 33. Bb1 f6 34. g4 h4 35. Ke2 Ne6 36. Kf2 Bb7 37. Rh1 Rd7 38. Rhd1 Nf4 39. Rh1 Ne6 40. Rhd1 Rbd8 41. Rh1 c5 42. Rhd1 Ng5 43. Rh1 Ne6 44. Rdd1 Nd4 45. Nc2 Nxc2 46. Bxc2 Ra8 47. Bb1 Bc8 48. Ke3 1/2-1/2

[Event "Polish Youth 1st League 2022"]
[Site "Lublin"]
[Date "2022.06.27"]
[Round "3.29"]
[White "Starosta, Martyna"]
[Black "Kroliczek, Gabriela"]
[Result "0-1"]
[ECO "B34"]
[WhiteElo "1918"]
[BlackElo "1934"]
[Annotator "RC"]
[PlyCount "92"]
[EventDate "2022.06.24"]
[EventType "team-tourn"]
[EventCountry "POL"]
[SourceTitle "playchess.com"]
[Source "ChessBase"]
[SourceQuality "1"]
[TimeControl "40/5400+30:1800+30"]

1. e4 c5 2. Nf3 Nc6 3. d4 cxd4 4. Nxd4 Nf6 5. Nc3 e5 6. Ndb5 d6 7. Nd5 Nxd5 8. exd5 Nb8 9. a4 Be7 10. Be2 O-O 11. O-O a6 12. Na3 Nd7 13. Kh1 f5 14. f4 g5 15. fxg5 Bxg5 16. Nc4 Bxc1 17. Rxc1 Qf6 18. Qe1 Kh8 19. Bg4 Qg6 20. Bh3 b5 21. axb5 axb5 22. Ne3 Nc5 23. Qh4 f4 24. Ng4 Bf5 25. b4 Ne4 26. Nh6 Bxh3 27. Qxh3 Ra4 28. Qe6 Rxb4 29. Ra1 Ra4 30. Rxa4 bxa4 31. Ra1 Nc5 32. Qxg6 hxg6 33. Kg1 Kg7 34. Ng4 Rb8 35. Ra2 Rb4 36. Kf2 Rd4 37. Ke2 Rxd5 38. c3 Ne4 39. Ra3 Kf7 40. Ke1 Rb5 41. c4 Rb1+ 42. Ke2 Rb2+ 43. Kf1 Nc5 44. Nf2 Rb3 45. Rxb3 axb3 46. Nd1 Na4 0-1

[Event "Polish Youth 1st League 2022"]
[Site "Lublin"]
[Date "2022.06.27"]
[Round "3.30"]
[White "Seemann, Pola"]
[Black "Kulczycka, Zofia"]
[Result "1-0"]
[ECO "B18"]
[WhiteElo "1777"]
[BlackElo "1564"]
[Annotator "NA RC"]
[PlyCount "85"]
[EventDate "2022.06.24"]
[EventType "team-tourn"]
[EventCountry "POL"]
[SourceTitle "playchess.com"]
[Source "ChessBase"]
[SourceQuality "1"]
[TimeControl "40/5400+30:1800+30"]

1. e4 c6 2. d4 d5 3. Nc3 dxe4 4. Nxe4 Bf5 5. Ng3 Bg6 6. N1e2 Nd7 7. Nf4 e5 8. Nxg6 hxg6 9. Be3 Ngf6 10. Bc4 Qe7 11. Qe2 O-O-O 12. O-O-O exd4 13. Bxd4 Qxe2 14. Nxe2 c5 15. Bxf6 gxf6 16. Bxf7 Bh6+ 17. Kb1 Ne5 18. Be6+ Kb8 19. f4 Nc6 20. g3 Bg7 21. h4 Rhe8 22. Bc4 Na5 23. Rxd8+ Rxd8 24. Bf7 Rd2 25. Re1 g5 26. h5 Rd7 27. Be6 Rd2 28. Kc1 Rd6 29. f5 Nc6 30. Nc3 Nd4 31. g4 Nf3 32. Rh1 Nh4 33. Ne4 Rd4 34. Nxc5 Rxg4 35. Rd1 a6 36. b3 Bh6 37. Rd8+ Ka7 38. Rh8 Bg7 39. Rh7 Bf8 40. Rxb7+ Ka8 41. Rc7 Bd6 42. Bd5+ Kb8 43. Nxa6# 1-0

[Event "Polish Youth 1st League 2022"]
[Site "Lublin"]
[Date "2022.06.28"]
[Round "4.1"]
[White "Madej, Marek"]
[Black "Wojdak, Jan"]
[Result "1-0"]
[ECO "C41"]
[WhiteElo "1978"]
[BlackElo "2144"]
[Annotator "RC"]
[PlyCount "89"]
[EventDate "2022.06.24"]
[EventType "team-tourn"]
[EventCountry "POL"]
[SourceTitle "playchess.com"]
[Source "ChessBase"]
[SourceQuality "1"]
[TimeControl "40/5400+30:1800+30"]

1. e4 d6 2. d4 Nf6 3. Nc3 e5 4. Nf3 Nbd7 5. Bc4 Be7 6. O-O Nb6 7. Bb3 exd4 8. Qxd4 O-O 9. Qd3 Nfd7 10. Be3 Bf6 11. a4 a5 12. Rad1 Re8 13. Rfe1 Qe7 14. Nb5 Qd8 15. Qf1 Ra6 16. Bxb6 Rxb6 17. Qc4 Qe7 18. Nxc7 Rc6 19. Nd5 Qd8 20. Nxf6+ Qxf6 21. Qb5 Rc5 22. Qd3 Rc6 23. Qd4 Ne5 24. Nxe5 Rxe5 25. f4 Re8 26. Qxf6 gxf6 27. f5 Re5 28. Kf2 Kf8 29. Re2 Ke7 30. Rd3 b6 31. Bd5 Rc7 32. c4 Ba6 33. b3 Rc8 34. Rg3 Kf8 35. Ree3 Rce8 36. Rh3 Kg7 37. Reg3+ Kh8 38. Rh6 Rxf5+ 39. exf5 Re2+ 40. Kxe2 b5 41. Rgh3 Kg7 42. Rxh7+ Kf8 43. Rxf7+ Kg8 44. Rd7+ Kf8 45. Rh8# 1-0

[Event "Polish Youth 1st League 2022"]
[Site "Lublin"]
[Date "2022.06.28"]
[Round "4.2"]
[White "Jendrowiak, Maciej"]
[Black "Nowak, Filip"]
[Result "1/2-1/2"]
[ECO "B22"]
[WhiteElo "1713"]
[BlackElo "1819"]
[Annotator "NA RC"]
[PlyCount "84"]
[EventDate "2022.06.24"]
[EventType "team-tourn"]
[EventCountry "POL"]
[SourceTitle "playchess.com"]
[Source "ChessBase"]
[SourceQuality "1"]
[TimeControl "40/5400+30:1800+30"]

1. e4 c5 2. c3 Nf6 3. e5 Nd5 4. Nf3 Nc6 5. Bc4 Nb6 6. Bb3 e6 7. d4 cxd4 8. cxd4 d6 9. Bg5 Be7 10. Bxe7 Qxe7 11. Nc3 O-O 12. O-O dxe5 13. dxe5 Nd7 (13... Bd7 $11) 14. Qe2 Nc5 15. Bc2 b6 $11 16. Rfd1 Ba6 17. Qe3 Nb4 18. Bb1 Rfd8 19. Nd4 $1 Rac8 20. a3 Nd5 21. Nxd5 Rxd5 22. b4 Na4 23. Be4 Rd7 24. Nc6 Rxd1+ 25. Rxd1 Qc7 26. Qd4 g6 27. Qd7 Qxd7 28. Rxd7 Bb5 29. Ne7+ Kf8 30. Nxc8 Bxd7 31. Nxa7 Nc3 32. Bb7 Ne2+ 33. Kf1 Nd4 34. Nc8 Bxc8 35. Bxc8 Ke7 36. Bb7 Nc2 37. Ke2 Nxa3 38. Kd3 Nb5 39. Kc4 Nc7 40. f4 h5 41. g3 Kd8 42. Kd4 Ke7 1/2-1/2

[Event "Polish Youth 1st League 2022"]
[Site "Lublin"]
[Date "2022.06.28"]
[Round "4.3"]
[White "Grot, Blazej"]
[Black "Wierzbicki, Dawid"]
[Result "1-0"]
[ECO "B42"]
[WhiteElo "1819"]
[BlackElo "1556"]
[Annotator "NA RC"]
[PlyCount "89"]
[EventDate "2022.06.24"]
[EventType "team-tourn"]
[EventCountry "POL"]
[SourceTitle "playchess.com"]
[Source "ChessBase"]
[SourceQuality "1"]
[TimeControl "40/5400+30:1800+30"]

1. e4 c5 2. Nf3 e6 3. d4 cxd4 4. Nxd4 a6 5. Bd3 Nf6 6. Qe2 d6 7. c4 b6 8. Nc3 Bb7 9. f4 Nbd7 10. O-O Be7 11. b4 Qc8 12. Bd2 h5 13. Rae1 g6 {[%emt 0:03:12] [#]} 14. Nd5 $1 exd5 $18 15. exd5 Ng8 16. f5 Ne5 17. fxg6 fxg6 18. Bf4 Qg4 19. Bxe5 Qxe2 20. Rxe2 dxe5 21. Bxg6+ Kd8 22. Ne6+ Kc8 23. d6 Bxd6 24. Rd2 Ne7 25. Rxd6 Nxg6 26. Rf7 Nf4 27. Nxf4 exf4 28. Rxb6 Rb8 29. Rxf4 Rd8 (29... Kc7 {should be considered.} 30. Rg6 Rbf8 31. Rg7+ Kb8 32. Rxf8+ Rxf8) 30. c5 Ba8 31. Rxa6 Kd7 32. Rd4+ Ke7 33. Rxd8 Rxd8 34. c6 Kd6 35. a4 Rf8 36. b5 Kc7 37. Ra7+ Kb6 38. Rh7 Ka5 39. Rxh5 Kxa4 40. h4 Rf4 41. Rh8 Kxb5 42. Rxa8 Kxc6 43. g3 Rb4 44. Kg2 Kd6 45. Re8 1-0

[Event "Polish Youth 1st League 2022"]
[Site "Lublin"]
[Date "2022.06.28"]
[Round "4.4"]
[White "Oles, Mateusz"]
[Black "Rozanski, Mateusz"]
[Result "1/2-1/2"]
[ECO "C50"]
[WhiteElo "1201"]
[BlackElo "1720"]
[Annotator "NA RC"]
[PlyCount "115"]
[EventDate "2022.06.24"]
[EventType "team-tourn"]
[EventCountry "POL"]
[SourceTitle "playchess.com"]
[Source "ChessBase"]
[SourceQuality "1"]
[TimeControl "40/5400+30:1800+30"]

1. e4 e5 2. Nf3 Nc6 3. Bc4 d6 4. O-O Be7 5. c3 Nf6 6. d3 O-O 7. h3 h6 8. Re1 a6 9. a4 Na5 10. Ba2 c5 11. Nbd2 Nc6 12. Nf1 Re8 13. Ng3 Bf8 14. d4 exd4 15. cxd4 cxd4 16. Nxd4 d5 17. Nxc6 bxc6 18. exd5 Rxe1+ 19. Qxe1 cxd5 20. Be3 Be6 21. a5 Bd6 22. Bb6 Qd7 23. Qe2 Bb4 24. Bb3 Qd6 25. Rc1 Nd7 26. Bc7 Qe7 27. Ba4 Nc5 28. Rxc5 Qxc5 29. Bb6 Qc1+ 30. Kh2 Bc5 31. Bxc5 Qxc5 32. Qd2 d4 33. Ne4 Qe5+ 34. Ng3 g5 35. Bd1 f5 36. Kg1 f4 37. Ne2 Rd8 38. Qd3 Bf5 39. Qxa6 d3 40. Bb3+ Kg7 41. Nc3 d2 42. Qb6 Re8 43. a6 f3 44. gxf3 h5 45. a7 Qe1+ 46. Kh2 Qe5+ 47. Kg2 Qe1 48. Qc7+ Kh8 49. Qb6 Bxh3+ 50. Kh2 Be6 51. Bxe6 Qe5+ 52. Kg2 g4 53. Bxg4 hxg4 54. Qh6+ Kg8 55. Qg6+ Kh8 56. Qh6+ Kg8 57. Qg6+ Kh8 58. Qh6+ 1/2-1/2

[Event "Polish Youth 1st League 2022"]
[Site "Lublin"]
[Date "2022.06.28"]
[Round "4.5"]
[White "Krzyzosiak, Marta"]
[Black "Kucharska, Helena"]
[Result "0-1"]
[ECO "A06"]
[WhiteElo "1666"]
[BlackElo "1630"]
[Annotator "NA RC"]
[PlyCount "94"]
[EventDate "2022.06.24"]
[EventType "team-tourn"]
[EventCountry "POL"]
[SourceTitle "playchess.com"]
[Source "ChessBase"]
[SourceQuality "1"]
[TimeControl "40/5400+30:1800+30"]

1. Nf3 d5 2. g3 Nd7 3. d4 e6 4. Bg2 b5 5. O-O Ngf6 6. Nbd2 c5 7. c3 Bb7 8. Re1 Be7 9. Nb3 O-O 10. Nxc5 Nxc5 11. dxc5 Bxc5 12. e3 a5 13. a4 bxa4 14. Qxa4 Qc7 15. Qd1 Ne4 16. Nd2 Nd6 17. b3 Rfd8 18. Bb2 f5 19. Qc2 Rac8 20. Rec1 Bb6 21. Qb1 Qd7 22. c4 dxc4 23. Bxb7 Qxb7 24. Nxc4 Nxc4 25. Rxc4 Rxc4 26. bxc4 Bxe3 27. Bc3 Qf3 28. Qf1 Bxf2+ 29. Qxf2 Qxc3 30. Ra2 Qxc4 31. Rc2 Qe4 32. Rc1 Qd4 33. Qxd4 Rxd4 34. Rc6 Kf7 35. Ra6 a4 36. Kf2 g5 37. Ra7+ Kg6 38. Re7 Re4 39. h4 gxh4 40. gxh4 h5 41. Kg3 Kf6 42. Ra7 Rb4 43. Ra6 f4+ 44. Kf3 Kf5 45. Ra5+ e5 46. Ra8 Rb3+ 47. Kf2 a3 0-1

[Event "Polish Youth 1st League 2022"]
[Site "Lublin"]
[Date "2022.06.28"]
[Round "4.6"]
[White "Seemann, Pola"]
[Black "Wieczorek, Maja"]
[Result "0-1"]
[ECO "B07"]
[WhiteElo "1777"]
[BlackElo "1316"]
[Annotator "NA RC"]
[PlyCount "92"]
[EventDate "2022.06.24"]
[EventType "team-tourn"]
[EventCountry "POL"]
[SourceTitle "playchess.com"]
[Source "ChessBase"]
[SourceQuality "1"]
[TimeControl "40/5400+30:1800+30"]

1. e4 d6 2. d4 Nf6 3. Nc3 g6 4. h3 c6 5. Nf3 Bg7 6. Be3 b5 7. Bd3 a5 8. a3 O-O 9. d5 Bb7 10. dxc6 Bxc6 11. Nd4 b4 12. axb4 axb4 13. Nxc6 Nxc6 14. Ne2 Ne5 15. O-O Nfd7 16. Bd4 Rxa1 17. Qxa1 Nxd3 18. Bxg7 Kxg7 19. cxd3 Nc5 20. Rd1 Qb6 21. Ng3 Qb5 22. d4 Nd3 23. Qb1 Nf4 24. Re1 Rc8 25. Kh2 Nd3 26. Re3 Nf4 27. Qd1 Qg5 28. Nf5+ Kf8 29. Rg3 Qf6 30. Qg4 Ne6 31. d5 h5 32. Qd1 Nc5 33. Nh6 Nxe4 34. Rf3 Qe5+ 35. g3 Nf6 36. Qd2 Kg7 37. Nf5+ gxf5 38. Qg5+ Kf8 39. Rxf5 Qxb2 40. Qh6+ Ke8 41. Qe3 Qc3 42. Qa7 b3 43. Qb7 b2 44. Rf3 Qc2 45. Re3 Qxf2+ 46. Kh1 Rc1+ 0-1

[Event "Polish Youth 1st League 2022"]
[Site "Lublin"]
[Date "2022.06.28"]
[Round "4.7"]
[White "Klim, Filip"]
[Black "Wieczorek, Mikolaj"]
[Result "1/2-1/2"]
[ECO "B92"]
[WhiteElo "2015"]
[BlackElo "1942"]
[Annotator "RC"]
[PlyCount "87"]
[EventDate "2022.06.24"]
[EventType "team-tourn"]
[EventCountry "POL"]
[SourceTitle "playchess.com"]
[Source "ChessBase"]
[SourceQuality "1"]
[TimeControl "40/5400+30:1800+30"]

1. e4 c5 2. Nf3 d6 3. d4 cxd4 4. Nxd4 Nf6 5. Nc3 a6 6. Be2 e5 7. Nb3 Be7 8. O-O O-O 9. Qd3 Be6 10. Bd2 Nbd7 11. Nd5 Bxd5 12. exd5 Rc8 13. c4 Ne8 14. Rac1 f5 15. f4 g6 16. Kh1 Bf6 17. fxe5 Nxe5 18. Qg3 Ng7 19. Bh6 Re8 20. Nd4 Qb6 21. Nxf5 Nxf5 22. Rxf5 Bg7 23. Bxg7 Kxg7 24. b3 Rf8 25. Rxe5 dxe5 26. Qxe5+ Qf6 27. Qxf6+ Kxf6 28. c5 Rfe8 29. Rf1+ Kg5 30. Bf3 Rxc5 31. d6 Rd8 32. Rd1 b5 33. Bb7 a5 34. d7 Rc7 35. Bc8 Rcxc8 36. Rd5+ Kf4 37. dxc8=Q Rxc8 38. Kg1 Rc1+ 39. Kf2 Rc2+ 40. Kf1 Rxa2 41. Rxb5 h5 42. Kg1 g5 43. Rc5 Ra3 44. Kf2 1/2-1/2

[Event "Polish Youth 1st League 2022"]
[Site "Lublin"]
[Date "2022.06.28"]
[Round "4.8"]
[White "Halhoul, Adam"]
[Black "Bartodziej, Bartosz"]
[Result "0-1"]
[ECO "D80"]
[WhiteElo "1675"]
[BlackElo "1902"]
[Annotator "RC"]
[PlyCount "118"]
[EventDate "2022.06.24"]
[EventType "team-tourn"]
[EventCountry "POL"]
[SourceTitle "playchess.com"]
[Source "ChessBase"]
[SourceQuality "1"]
[TimeControl "40/5400+30:1800+30"]

1. d4 Nf6 2. c4 g6 3. Nc3 d5 4. Bg5 Ne4 5. Bh4 Nxc3 6. bxc3 Bg7 7. e3 O-O 8. cxd5 h6 9. Bc4 b6 10. Nf3 Bb7 11. Qd3 Bxd5 12. Bxd5 Qxd5 13. Bxe7 Re8 14. Bh4 c5 15. O-O Nc6 16. a3 g5 17. Bg3 Rad8 18. Rab1 Na5 19. Qb5 Nc4 20. Qa4 g4 21. Ne5 Nd2 22. Bh4 Rc8 23. Qd1 Nxb1 24. Qxg4 Qe6 25. Rxb1 Qxg4 26. Nxg4 cxd4 27. cxd4 h5 28. Nf6+ Bxf6 29. Bxf6 Rc6 30. Bg5 Rc3 31. Rd1 Rec8 32. Kf1 Rc1 33. Ke2 Kf8 34. Rd2 R8c2 35. Bf4 Ke7 36. Bb8 a6 37. Ba7 Rxd2+ 38. Kxd2 Rb1 39. Kc2 Rf1 40. Bxb6 Rxf2+ 41. Kc3 Rxg2 42. Bc7 Re2 43. Bf4 Ke6 44. Kc4 Rc2+ 45. Kb3 Rd2 46. Kc3 Rd1 47. e4 Re1 48. d5+ Kd7 49. Kd4 Ra1 50. h4 Rxa3 51. Bg5 a5 52. Kc5 Ra4 53. e5 Re4 54. Bf6 a4 55. d6 a3 56. Kd5 Rf4 57. Bg7 a2 58. Kc5 Ke6 59. d7 Kxd7 0-1

[Event "Polish Youth 1st League 2022"]
[Site "Lublin"]
[Date "2022.06.28"]
[Round "4.9"]
[White "Nawalaniec, Adam"]
[Black "Nagly, Wojciech"]
[Result "0-1"]
[ECO "B07"]
[WhiteElo "1740"]
[BlackElo "1464"]
[Annotator "NA RC"]
[PlyCount "53"]
[EventDate "2022.06.24"]
[EventType "team-tourn"]
[EventCountry "POL"]
[SourceTitle "playchess.com"]
[Source "ChessBase"]
[SourceQuality "1"]
[TimeControl "40/5400+30:1800+30"]

1. e4 d6 2. d4 Nf6 3. Nc3 c6 4. Be2 e6 5. Be3 Be7 6. Qd2 O-O 7. f3 d5 8. e5 Nfd7 9. g4 c5 10. f4 cxd4 11. Bxd4 Nc6 12. Nf3 Nxd4 13. Nxd4 Bc5 14. O-O-O a6 15. h4 b5 16. g5 Nb6 17. Nb3 Bb4 18. a3 Bxc3 19. Qxc3 Bb7 20. Qd4 Rc8 21. Bd3 Nc4 22. h5 Qb6 23. h6 Qxd4 24. Nxd4 g6 25. Rhe1 Rc7 26. Kb1 Na5 27. b3 0-1

[Event "Polish Youth 1st League 2022"]
[Site "Lublin"]
[Date "2022.06.28"]
[Round "4.10"]
[White "Gibala, Adam"]
[Black "Kowalski, Witold"]
[Result "1/2-1/2"]
[ECO "B96"]
[WhiteElo "1516"]
[BlackElo "1613"]
[Annotator "NA RC"]
[PlyCount "237"]
[EventDate "2022.06.24"]
[EventType "team-tourn"]
[EventCountry "POL"]
[SourceTitle "playchess.com"]
[Source "ChessBase"]
[SourceQuality "1"]
[TimeControl "40/5400+30:1800+30"]

1. e4 c5 2. Nf3 d6 3. d4 cxd4 4. Nxd4 Nf6 5. Nc3 a6 6. Bg5 e6 7. f4 b5 8. e5 dxe5 9. fxe5 Qc7 10. exf6 Qe5+ 11. Be2 Qxg5 12. O-O Ra7 13. Nb3 Rd7 14. Bd3 Bb7 15. Qe2 Nc6 16. Ne4 Qe5 17. fxg7 Bxg7 18. Nbc5 Rc7 19. Nxb7 Rxb7 20. Rae1 Qd4+ 21. Kh1 Rd7 22. Qh5 Ne5 23. Ng5 Qg4 24. Nxe6 Qxe6 25. Bf5 Qe7 26. Bxd7+ Kxd7 27. Qh3+ Kc7 28. Qe3 Kb7 29. Qe4+ Kb6 30. a4 Qc7 31. c3 h5 32. axb5 axb5 33. Ra1 Ng4 34. g3 Rd8 35. Qb4 Qc6+ 36. Kg1 Qc5+ 37. Qxc5+ Kxc5 38. Rxf7 Be5 39. h3 Nf6 40. Rf1 Nd5 41. R1f5 Bxg3 42. Rxh5 Kc6 43. Rg5 Bd6 44. Rg6 Kc5 45. h4 Bf4 46. Rg4 Be3+ 47. Kh2 Bc1 48. b4+ Kd6 49. c4 bxc4 50. Rxc4 Bd2 51. b5 Rb8 52. Rc6+ Ke5 53. h5 Rh8 54. b6 Rxh5+ 55. Kg3 Nxb6 56. Rxb6 Ke4 57. Re7+ Re5 58. Rd7 Be1+ 59. Kg4 Re8 60. Rbb7 Re5 61. Re7 Bc3 62. Rf7 Bd2 63. Rbd7 Be3 64. Rfe7 Bc1 65. Rxe5+ Kxe5 66. Re7+ Kd5 67. Kf5 Kd4 68. Rd7+ Ke3 69. Rb7 Kd4 70. Rb5 Bd2 71. Ke6 Bc3 72. Kd6 Ke4 73. Rb3 Bd2 74. Rb2 Bc3 75. Rg2 Bf6 76. Ke6 Bd8 77. Rg4+ Kf3 78. Kf5 Ke3 79. Ra4 Bc7 80. Rc4 Bb8 81. Ke6 Bh2 82. Kd5 Bb8 83. Rh4 Bc7 84. Re4+ Kf3 85. Re7 Bb8 86. Rf7+ Ke3 87. Rf8 Bc7 88. Re8+ Kd3 89. Re7 Bf4 90. Ra7 Bc1 91. Ra1 Bb2 92. Rb1 Kc3 93. Rh1 Kb4 94. Rh2 Kc3 95. Rh1 Kb4 96. Rh2 Kc3 97. Rh3+ Kb4 98. Rh7 Bf6 99. Rc7 Bd8 100. Rc4+ Kb3 101. Kd4 Be7 102. Kd3 Bb4 103. Re4 Bc5 104. Re8 Bd6 105. Rd8 Bf4 106. Rf8 Bd6 107. Rf6 Bc5 108. Rf7 Bg1 109. Rb7+ Ka4 110. Kc4 Ka5 111. Rb5+ Ka6 112. Rb2 Ka5 113. Rb1 Be3 114. Kd5 Bf2 115. Rb2 Be3 116. Kc6 Bd4 117. Rb1 Bf2 118. Kd5 Be3 119. Rb3 1/2-1/2

[Event "Polish Youth 1st League 2022"]
[Site "Lublin"]
[Date "2022.06.28"]
[Round "4.11"]
[White "Kudlak, Julia"]
[Black "Starosta, Martyna"]
[Result "1/2-1/2"]
[ECO "C01"]
[WhiteElo "1654"]
[BlackElo "1918"]
[Annotator "RC"]
[PlyCount "46"]
[EventDate "2022.06.24"]
[EventType "team-tourn"]
[EventCountry "POL"]
[SourceTitle "playchess.com"]
[Source "ChessBase"]
[SourceQuality "1"]
[TimeControl "40/5400+30:1800+30"]

1. e4 e6 2. d4 d5 3. exd5 exd5 4. Bd3 c5 5. dxc5 Bxc5 6. Nf3 Nf6 7. O-O O-O 8. h3 Qd6 9. Nc3 Nc6 10. Ne2 Nh5 11. Qd2 Be6 12. Qg5 g6 13. Nf4 Nxf4 14. Bxf4 Qe7 15. Rfe1 f6 16. Qh6 Rae8 17. Bxg6 hxg6 18. Rxe6 Qxe6 19. Qxg6+ Kh8 20. Qh6+ Kg8 21. Qg6+ Kh8 22. Qh6+ Kg8 23. Qg6+ Kh8 1/2-1/2

[Event "Polish Youth 1st League 2022"]
[Site "Lublin"]
[Date "2022.06.28"]
[Round "4.12"]
[White "Kulczycka, Zofia"]
[Black "Dzierzgowska, Jagoda"]
[Result "1/2-1/2"]
[ECO "C02"]
[WhiteElo "1564"]
[BlackElo "1267"]
[Annotator "NA RC"]
[PlyCount "83"]
[EventDate "2022.06.24"]
[EventType "team-tourn"]
[EventCountry "POL"]
[SourceTitle "playchess.com"]
[Source "ChessBase"]
[SourceQuality "1"]
[TimeControl "40/5400+30:1800+30"]

1. e4 e6 2. d4 d5 3. e5 c5 4. c3 Nc6 5. Nf3 Qb6 6. Bd3 cxd4 7. O-O Bd7 8. Re1 dxc3 9. Nxc3 d4 10. Ne4 Nb4 11. Bb1 Bc6 12. Nxd4 O-O-O 13. Be3 Qa5 14. Qc1 Kb8 15. a3 Bxe4 16. Bxe4 Nd5 17. Bxd5 Qxd5 18. a4 Bb4 19. Nb5 Qc6 20. Bxa7+ Ka8 21. Qg5 Ne7 22. Rec1 Bd2 23. Rxc6 Bxg5 24. Rc7 Rc8 25. Rd7 Rhd8 26. Rxd8 Rxd8 27. Bb6 Rd7 28. g3 Nc6 29. f4 Be7 30. a5 Nb4 31. Rc1 Nc6 32. a6 bxa6 33. Na3 Bxa3 34. bxa3 Kb7 35. Bc5 a5 36. Bd6 Nd4 37. Rb1+ Ka6 38. Bc5 Rd5 39. Rb6+ Ka7 40. Rb5+ Ka6 41. Rb6+ Ka7 42. Rb5+ 1/2-1/2

[Event "Polish Youth 1st League 2022"]
[Site "Lublin"]
[Date "2022.06.28"]
[Round "4.13"]
[White "Luczak, Filip"]
[Black "Panek, Bartosz"]
[Result "1-0"]
[ECO "A00"]
[WhiteElo "2311"]
[BlackElo "2022"]
[Annotator "TA"]
[PlyCount "87"]
[EventDate "2022.06.24"]
[EventType "team-tourn"]
[EventCountry "POL"]
[SourceTitle "playchess.com"]
[Source "ChessBase"]
[SourceQuality "1"]
[TimeControl "40/5400+30:1800+30"]

1. g3 Nf6 2. Bg2 g6 3. e4 d6 4. Ne2 Bg7 5. O-O c5 6. c3 O-O 7. d4 Nbd7 {[%emt 0:04:46] is the legacy move (7...Nc6).} 8. h3 {[%emt 0:02:41] B06: Modern Defence.} Rb8 9. Be3 Qc7 10. Nd2 {[%emt 0:04:58] White is slightly better.} b5 {[%emt 0:00:56] [#]} 11. b4 $146 ({Predecessor:} 11. Rc1 Bb7 12. g4 h6 13. f4 Rfc8 14. Ng3 cxd4 15. cxd4 Qxc1 16. Qxc1 Rxc1 17. Rxc1 {1-0 (41) Mirzoev,E (2437)-Rey Malde,H (2257) Guimaraes 2021}) 11... Bb7 12. bxc5 dxc5 13. d5 Ne8 14. f4 Nd6 (14... Nb6 $11) 15. Bf2 (15. a4 $1 $14) 15... Nb6 $11 16. Nb3 (16. a4 $11) 16... Na4 $15 17. Qc2 Nc4 18. Rad1 Rfd8 (18... e6 $5 ) 19. Nd2 Nab6 (19... Nab2 $15) 20. Nxc4 $11 Nxc4 ({But not} 20... bxc4 21. a4 $16) 21. Nc1 b4 ({Black should play} 21... e6 $11) 22. Nb3 (22. cxb4 $14 cxb4 23. e5) 22... Bxc3 (22... Na3 $5 23. Qc1 Bxc3 $14) 23. Nxc5 ({Of course not} 23. Bxc5 a5 24. Bf2 Ba6 $15) 23... Rdc8 $2 {[%emt 0:10:19] [#]} (23... Qa5 $11 {and Black has nothing to worry.}) 24. e5 (24. Qe2 $1 $18 Na5 25. e5) 24... Qa5 $16 25. Nxb7 Rxb7 26. d6 Rd7 27. dxe7 Rxe7 28. Rd5 Qa3 29. Rfd1 $36 {[%emt 0:00:23][%cal Bf1d1,Bd1a1,Ba1a6,Ba6f6][%mdl 2080] Rd8+ is the strong threat. White is in control.} Kg7 (29... Ree8 $16 {is a better defense.}) 30. Qb3 (30. Rd8 $18 Rxd8 31. Rxd8) 30... Qxb3 ({Black should try} 30... Nb2 $14) 31. axb3 Nb2 32. Ra1 Rcc7 (32... Nd3 {was necessary.}) 33. Ra6 $18 f6 $2 (33... Red7 34. Rdd6 Re7) 34. Rxf6 {[%emt 0:03:36] White is clearly winning.} Na4 (34... a5 $142 35. Bb6 Rcd7 36. Bxa5 Rxd5 37. Bxd5 Nd1) 35. bxa4 b3 36. Rb5 b2 37. Rc6 {[%emt 0:01:45] Prevents Rc4.} Red7 {[%emt 0:00:29] [#]} 38. Rxc3 $1 Rxc3 39. Rxb2 Ra3 40. Kh2 Rc7 41. g4 Rxa4 42. f5 gxf5 43. gxf5 Ra5 44. Bg3 {[%emt 0:00:21] Weighted Error Value: White=0.22 (precise) /Black=0.46} 1-0

[Event "Polish Youth 1st League 2022"]
[Site "Lublin"]
[Date "2022.06.28"]
[Round "4.14"]
[White "Kubik, Rafal"]
[Black "Bachor, Tomasz"]
[Result "1/2-1/2"]
[ECO "B22"]
[WhiteElo "1827"]
[BlackElo "1971"]
[Annotator "NA RC"]
[PlyCount "104"]
[EventDate "2022.06.24"]
[EventType "team-tourn"]
[EventCountry "POL"]
[SourceTitle "playchess.com"]
[Source "ChessBase"]
[SourceQuality "1"]
[TimeControl "40/5400+30:1800+30"]

1. e4 c5 2. c3 g6 3. d4 cxd4 4. cxd4 d5 5. e5 a6 6. h3 Bg7 7. Nf3 Nc6 8. Nc3 f6 9. Bf4 fxe5 10. dxe5 e6 11. Bd3 Nge7 12. Qd2 Qc7 13. Rc1 Bd7 14. Ne2 Qa5 15. Qxa5 Nxa5 16. Ned4 Nec6 17. Ke2 (17. Nxc6 $11 Nxc6 18. O-O) 17... O-O 18. g3 Rac8 19. a3 Nxd4+ 20. Nxd4 g5 21. Rxc8 (21. Bd2 $11 {was preferrable.} Bxe5 22. Nf3 Rxc1 23. Rxc1 Rxf3 24. Kxf3) 21... Rxc8 22. Bxg5 Bxe5 23. Be3 Nc4 24. f4 Bf6 25. Bxc4 Rxc4 26. Kd3 Be8 27. g4 Bg6+ 28. f5 $11 exf5 29. gxf5 Bxd4 30. Bxd4 Bxf5+ 31. Ke3 Kf7 32. Rg1 Bg6 33. h4 Rc2 34. h5 Bxh5 35. Rg7+ Ke6 36. Rxh7 Re2+ 37. Kd3 Bg6+ 38. Kxe2 Bxh7 39. Kd2 Kd6 40. Kc3 Kc6 41. Kb4 b6 42. Be3 Bd3 43. Bd4 Be2 44. Be3 a5+ 45. Kc3 b5 46. Bd4 Bf1 47. Bf6 Kd6 48. Bd8 b4+ 49. axb4 axb4+ 50. Kxb4 d4 51. Bf6 Kd5 52. Bxd4 Kxd4 1/2-1/2

[Event "Polish Youth 1st League 2022"]
[Site "Lublin"]
[Date "2022.06.28"]
[Round "4.15"]
[White "Cieslak, Patryk"]
[Black "Karwot, Marek"]
[Result "1-0"]
[ECO "A04"]
[WhiteElo "2019"]
[BlackElo "1454"]
[Annotator "RC"]
[PlyCount "61"]
[EventDate "2022.06.24"]
[EventType "team-tourn"]
[EventCountry "POL"]
[SourceTitle "playchess.com"]
[Source "ChessBase"]
[SourceQuality "1"]
[TimeControl "40/5400+30:1800+30"]

1. Nf3 b6 2. g3 Bb7 3. Bg2 e6 4. O-O d5 5. d3 Nf6 6. Nbd2 Be7 7. b3 O-O 8. Bb2 c5 9. Ne5 Nc6 10. Nxc6 Bxc6 11. e4 dxe4 12. dxe4 Qc7 13. Qe2 Rad8 14. Rad1 Rd7 15. e5 Bxg2 16. exf6 Bxf1 17. Qg4 Bxf6 18. Bxf6 g6 19. Qg5 Qc6 20. Rxf1 e5 21. Ne4 Rd6 22. Nxd6 Qxd6 23. Be7 Qe6 24. Bxf8 Kxf8 25. Rd1 Kg7 26. Qe3 Qf6 27. Re1 Qd8 28. Qxe5+ Kh6 29. h4 Qd7 30. Qe8 Qf5 31. Qe3+ 1-0